 Dungeon Sprint DCSS version 0.22.1-1-ga44c0e56f4 (webtiles) character file.

20159 MuseOD the Imperceptible (level 12, -3/64 HPs)
             Began as a Spriggan Enchanter on Sept 28, 2018.
             Was the Champion of Dithmenos.
             Slain by a deep elf knight
             ... wielding a +0 long sword
              (19 damage)
             ... in the Dungeon (Sprint III: "The Ten Rune Challenge").
             The game lasted 00:12:38 (3516 turns).

MuseOD the Imperceptible (Spriggan Enchanter)       Turns: 3516, Time: 00:12:39

Health: -3/64      AC:  3    Str:  4    XL:     12   Next: 42%
Magic:  14/34      EV: 18    Int: 21    God:    Dithmenos [******]
Gold:   6952       SH:  0    Dex: 17    Spells: 37/46 levels left

rFire    . . .     SeeInvis +   a - +1 dagger
rCold    . . .     Gourm    .   (shield restricted)
rNeg     . . .     Faith    .   b - +0 robe
rPois    .         Spirit   .   w - +1 hat
rElec    .         Reflect  .   (no cloak)
rCorr    .         Harm     .   (gloves unavailable)
MR       ++...     NoTele   +   (boots unavailable)
Stlth    ++++++++++             (no amulet)
HPRegen  0.20/turn              (no ring)
MPRegen  0.24/turn              (no ring)

@: wreathed by umbra, very quick
A: very small, unfitting armour, see invisible, herbivore, speed 3, slow
metabolism 2
a: Shadow Step, Shadow Form, Renounce Religion


You were in the Dungeon.
You worshipped Dithmenos.
Dithmenos was exalted by your worship.
You were hungry.

You visited 1 branch You collected 7102 gold pieces.
You spent 150 gold pieces at shops.

Inventory:

Hand Weapons
 a - a +1 dagger (weapon)
 f - a +1 vampiric dagger
Armour
 b - a +0 robe (worn)
 w - a +1 hat (worn)
Jewellery
 t - an uncursed ring of positive energy {unknown}
Wands
 r - a wand of acid (8)
Scrolls
 c - a scroll of enchant armour {unknown}
 j - a scroll of blinking
 k - a scroll of holy word {unknown}
 l - a scroll of identify {unknown}
 m - 3 scrolls of remove curse
 o - 2 scrolls of immolation {unknown}
Potions
 e - 4 potions of curing
 g - a potion of haste
 h - 2 potions of magic
 i - a potion of berserk rage
 n - a potion of invisibility {unknown}
 p - a potion of might
 q - 5 potions of mutation
 s - a potion of flight {unknown}
 u - a potion of ambrosia {unknown}
 v - 2 potions of lignification {unknown}
Comestibles
 d - 2 rations


   Skills:
 - Level 7.6 Fighting
 - Level 13.6 Short Blades
 - Level 3.0 Dodging
 + Level 24.8 Stealth
 - Level 17.8 Spellcasting
 + Level 1.4 Conjurations
 - Level 17.9 Hexes


You had 37 spell levels left.
You knew the following spells:

 Your Spells              Type           Power        Failure   Level  Hunger
a - Corona                Hex            #######      0%          1    None
b - Ensorcelled Hibernat  Hex/Ice        ######       1%          2    None
c - Confuse               Hex            #######.     0%          3    None
d - Dazzling Spray        Conj/Hex       ######       1%          3    None

Your spell library contained the following spells:

 Spells                   Type           Power        Failure   Level  Hunger
 Confusing Touch          Hex            ######       0%          1    None
 Tukima's Dance           Hex            #######.     0%          3    None
 Animate Skeleton         Necr           N/A          3%          1    None
 Apportation              Tloc           ###...       3%          1    None
 Summon Small Mammal      Summ           ###.         3%          1    None


Dungeon Overview and Level Annotations

Branches:
Dungeon (1/1)

Altars:
Dithmenos
Elyvilon
Kikubaaqudgha
Okawaru
Ru
Sif Muna
Trog
Uskayaw
Vehumet
Wu Jian
Yredelemnul
Zin
The Shining One
Beogh

Shops:
D (


Innate Abilities, Weirdness & Mutations

You are very small and have problems with some larger weapons.
You are too small for most types of armour.
You have supernaturally acute eyesight. (SInv)
You are a herbivore.
You cover ground extremely quickly.
You need to consume almost no food.


Message History

Aiming: Dazzling Spray (safe; 1% risk of failure)
Press: ? - help, Shift-Dir - straight line, f/p - deep elf knight
Aim: a deep elf knight, wielding a long sword and wearing a runed buckler The spray of energy misses the deep elf knight. x2
The deep elf knight points at you and mumbles some strange words.
The stone arrow hits you!
* * * LOW HITPOINT WARNING * * *
You emit a cloud of dark smoke.
The deep elf knight unwields an uncursed long sword.
The deep elf knight wields a shortbow.
The deep elf knight shoots an arrow.
The arrow barely misses you.
Casting: Dazzling Spray (safe; 1% risk of failure)
Confirm with . or Enter, or press ? or * to list all spells.
Aiming: Dazzling Spray (safe; 1% risk of failure)
Press: ? - help, Shift-Dir - straight line, f/p - deep elf knight
Aim: a deep elf knight, wielding a long sword and wearing a runed buckler The spray of energy hits the deep elf knight.
The deep elf knight is almost dead.
The deep elf knight hits you with a long sword!!
You die...

▓▓▓▓▓▓ ▓▓▓
#########.##.###.########
#___#__##...#..#.e§§#...#
#__.#._#........@##§#...##≈
#)###'##.........##e#...≈≈≈
.......#..))....###§#...##≈
.......#)))##.∩#.##ee...#
######'#.#####.########## #
#...#[#####################
#
#...#([..#.#.#)....#......+
#
#...##.#((#.##.###.#......#
#
#...'##)#.#.##.#).##......#


You could see a deep elf knight.

Vanquished Creatures
  Sigmund (D)
  Rupert (D)
  Gastronok (D)
  2 dire elephants (D)
  2 hydras (D)
  Erolcha (D)
  Urug (D)
  A death drake (D)
  A lindwurm (D)
  2 deep elf magi (D)
  2 elephants (D)
  2 spiny frogs (D)
  Edmund (D)
  A rime drake (D)
  A komodo dragon (D)
  3 wandering mushrooms (D)
  2 tyrant leeches (D)
  5 blink frogs (D)
  5 redbacks (D)
  A shadow (D)
  5 orc warriors (D)
  A swamp drake (D)
  A necrophage (D)
  5 two-headed ogres (D)
  A water elemental (D)
  4 orc priests (D)
  A wizard (D)
  A jelly (D)
  5 orc wizards (D)
  Jessica (D)
  A necromancer (D)
  A kobold demonologist (D)
  3 humans (D)
  A wolf (D)
  2 oozes (D)
  4 orcs (D)
  A rat (D)
74 creatures vanquished.

Vanquished Creatures (others)
  2 draconian scorchers (D)
  6 hellions (D)
  2 yaktaurs (D)
  An electric eel (D)
11 creatures vanquished.

Grand Total: 85 creatures vanquished

Notes
Turn   | Place    | Note
-------+----------+-------------------------------------------
     0 | D        | MuseOD the Spriggan Enchanter began the quest for the Orb.
     0 | D        | Reached XP level 1. HP: 9/9 MP: 5/5
     8 | D        | Reached skill level 1 in Fighting
     8 | D        | Reached skill level 5 in Stealth
    14 | D        | Reached XP level 2. HP: 3/14 MP: 6/6
    18 | D        | Learned a level 2 spell: Ensorcelled Hibernation
    24 | D        | Killed a yaktaur
    68 | D        | Killed a yaktaur
   102 | D        | Killed a hellion
   103 | D        | Killed a hellion
   141 | D        | Killed a hellion
   178 | D        | Killed a hellion
   195 | D        | Killed a white draconian scorcher
   257 | D        | Killed a white draconian scorcher
   258 | D        | Killed a hellion
   270 | D        | Killed a hellion
   283 | D        | Noticed Jessica
   286 | D        | Killed Jessica
   286 | D        | Reached skill level 6 in Stealth
   286 | D        | Reached XP level 3. HP: 19/19 MP: 8/8
   293 | D        | Reached skill level 5 in Short Blades
   298 | D        | Learned a level 3 spell: Confuse
   341 | D        | Reached skill level 7 in Stealth
   463 | D        | Reached XP level 4. HP: 19/24 MP: 6/9
   511 | D        | Noticed a water elemental
   514 | D        | Killed a water elemental
   514 | D        | Reached skill level 8 in Stealth
   519 | D        | Found a glowing silver altar of Zin.
   519 | D        | Found a glowing golden altar of the Shining One.
   519 | D        | Found a white marble altar of Elyvilon.
   519 | D        | Noticed a deep elf mage
   522 | D        | Killed a deep elf mage
   522 | D        | Reached skill level 12 in Stealth
   522 | D        | Reached XP level 5. HP: 30/32 MP: 10/10
   522 | D        | Reached XP level 6. HP: 34/36 MP: 11/11
   539 | D        | Found a basalt altar of Yredelemnul.
   539 | D        | Found a shadowy altar of Dithmenos.
   539 | D        | Found a sacrificial altar of Ru.
   541 | D        | Reached XP level 7. HP: 40/40 MP: 12/12
   552 | D        | Became a worshipper of Dithmenos the Shadowed
   593 | D        | Found a hide-covered altar of Uskayaw.
   593 | D        | Found an iron altar of Okawaru.
   594 | D        | Found a roughly hewn altar of Beogh.
   594 | D        | Found a bloodstained altar of Trog.
   594 | D        | Found an ornate altar of the Wu Jian Council.
   594 | D        | Noticed a human
   594 | D        | Noticed a human
   867 | D        | Killed a human
   867 | D        | Reached skill level 13 in Stealth
   921 | D        | Killed a human
  1123 | D        | Found a radiant altar of Vehumet.
  1123 | D        | Found a deep blue altar of Sif Muna.
  1123 | D        | Found an ancient bone altar of Kikubaaqudgha.
  1125 | D        | Reached * piety under Dithmenos
  1244 | D        | Noticed a shadow
  1246 | D        | Killed a shadow
  1246 | D        | Reached XP level 8. HP: 46/46 MP: 13/13
  1251 | D        | Reached ** piety under Dithmenos
  1447 | D        | Reached skill level 14 in Stealth
  1995 | D        | Noticed a two-headed ogre
  1998 | D        | Killed a two-headed ogre
  1998 | D        | Reached skill level 15 in Stealth
  1998 | D        | Reached skill level 5 in Spellcasting
  1998 | D        | Reached skill level 5 in Hexes
  2002 | D        | Noticed a two-headed ogre
  2002 | D        | Noticed Erolcha
  2004 | D        | Killed Erolcha
  2004 | D        | Reached *** piety under Dithmenos
  2004 | D        | Reached skill level 16 in Stealth
  2004 | D        | Reached XP level 9. HP: 44/51 MP: 10/21
  2005 | D        | Killed a two-headed ogre
  2018 | D        | Reached skill level 17 in Stealth
  2020 | D        | Reached **** piety under Dithmenos
  2125 | D        | Noticed Sigmund
  2126 | D        | Noticed Edmund
  2129 | D        | Killed Edmund
  2130 | D        | Killed Sigmund
  2130 | D        | Reached skill level 20 in Stealth
  2130 | D        | Reached XP level 10. HP: 49/56 MP: 23/27
  2190 | D        | Reached ***** piety under Dithmenos
  2317 | D        | Noticed a spiny frog
  2317 | D        | Noticed a spiny frog
  2320 | D        | Killed a spiny frog
  2324 | D        | Killed a spiny frog
  2324 | D        | Reached XP level 11. HP: 59/59 MP: 29/29
  2332 | D        | Reached skill level 21 in Stealth
  2358 | D        | Reached ****** piety under Dithmenos
  2380 | D        | HP: 2/59 [tyrant leech (24)]
  2394 | D        | Learned a level 3 spell: Dazzling Spray
  2697 | D        | Noticed a lindwurm
  2700 | D        | Killed a lindwurm
  2700 | D        | Reached skill level 15 in Hexes
  2941 | D        | Noticed Urug
  2944 | D        | Killed Urug
  2944 | D        | Reached skill level 22 in Stealth
  2944 | D        | Reached skill level 15 in Spellcasting
  2951 | D        | Noticed a five-headed hydra
  2951 | D        | Noticed a six-headed hydra
  2955 | D        | Killed a five-headed hydra
  2956 | D        | Killed a six-headed hydra
  2965 | D        | Noticed a death drake
  2968 | D        | Killed a death drake
  3066 | D        | Noticed a dire elephant
  3066 | D        | Noticed a dire elephant
  3066 | D        | Noticed Gastronok
  3069 | D        | Reached skill level 23 in Stealth
  3072 | D        | Killed a dire elephant
  3074 | D        | Killed a dire elephant
  3074 | D        | Reached XP level 12. HP: 64/64 MP: 31/33
  3076 | D        | Killed Gastronok
  3076 | D        | Reached skill level 24 in Stealth
  3085 | D        | Noticed an azure jelly
  3085 | D        | Noticed an azure jelly
  3085 | D        | Noticed an azure jelly
  3086 | D        | Noticed an azure jelly
  3088 | D        | Noticed Rupert
  3095 | D        | Killed Rupert
  3280 | D        | Found Nogug's Antique Weapon Emporium.
  3331 | D        | Bought a glowing dagger for 150 gold pieces
  3506 | D        | Reached skill level 1 in Conjurations
  3516 | D        | Slain by a deep elf knight

Skill      XL: |  1  2  3  4  5  6  7  8  9 10 11 12 |
---------------+-------------------------------------+-----
Fighting       | 1 2 3 6 7 |  7.6
Short Blades   | 3 4 6 11 13 | 13.6
Stealth        | 5 6 7 12 13 16 20 23 24 | 24.8
Spellcasting   | 7 12 13 16 17 | 17.8
Hexes          | 8 13 16 17 | 17.9
Conjurations   | 1 |  1.4
Dodging        | |  3.0

Action                   |  1- 3 |  4- 6 |  7- 9 | 10-12 || total
-------------------------+-------+-------+-------+-------++-------
Melee: Dagger            |    18 |     3 |    46 |    75 ||   142
 Cast: Ensorcelled Hiber |     2 |       |     5 |    16 ||    23
       Confuse           |     1 |       |    30 |    17 ||    48
       Dazzling Spray    |       |       |       |    12 ||    12
Invok: Shadow Step       |       |       |       |     2 ||     2
Evoke: Wand              |       |       |     3 |       ||     3
  Use: Potion            |       |       |       |     1 ||     1
 Stab: Sleeping          |     4 |     3 |     9 |    26 ||    42
       Confused          |       |       |     5 |     8 ||    13
       Distracted        |       |       |     1 |     1 ||     2
       Held in net/web   |       |       |     1 |       ||     1
       Invisible         |       |       |       |     2 ||     2
  Eat: Ration            |       |       |     1 |     1 ||     2
Armor: Robe              |     1 |       |       |       ||     1
Dodge: Dodged            |    15 |       |    43 |    14 ||    72
